 Dungeon Crawl Stone Soup version 0.29.1-14-g9c671dbff4 (webtiles) character file.

Game seed: 11081677272694394080

469 sking99 the Ruffian (level 6, -15/62 HPs)
             Began as a Troll Monk on Feb 19, 2023.
             Demolished by a kobold
             ... wielding a +2 short sword of electrocution
              (20 damage)
             ... on level 5 of the Dungeon.
             The game lasted 00:08:03 (3469 turns).

sking99 the Ruffian (Troll Monk)                    Turns: 3469, Time: 00:08:03

Health: -15/62     AC:  5    Str: 22    XL:     6   Next: 82%
Magic:  5/5        EV: 10    Int:  6    God:
Gold:   154        SH:  0    Dex: 12    Spells: 5/5 levels left

rFire   . . .      SeeInvis .     - Unarmed
rCold   . . .      Faith    .   (no shield)
rNeg    . . .      Spirit   .   a - +1 robe
rPois   .          Reflect  .   (helmet restricted)
rElec   .          Harm     .   (no cloak)
rCorr   .          Rampage  .   (gloves unavailable)
Will    .....                   (boots unavailable)
Stlth   ++........              (no amulet)
HPRegen 1.00/turn               (no ring)
MPRegen 0.09/turn               (no ring)

@: no status effects
A: large, unfitting armour, claws 3, regeneration 1, shaggy fur 1, tough skin 1
a: no special abilities


You were on level 5 of the Dungeon.
You visited 1 branch of the dungeon, and saw 5 of its levels.

You collected 154 gold pieces.

Inventory:

Missiles
 h - 4 curare-tipped darts (quivered)
Armour
 a - a +1 robe (worn)
Jewellery
 o - an amulet of faith
Scrolls
 d - a scroll of identify
 e - a scroll of silence
Potions
 b - a potion of ambrosia
 c - 2 potions of berserk rage
 f - a potion of mutation {unknown}
 g - a potion of curing
 k - a potion of lignification
 n - a potion of brilliance


   Skills:
 + Level 3.9 Fighting
 + Level 2.3 Throwing
 - Level 2.4 Dodging
 - Level 1.0 Stealth
 * Level 6.1 Unarmed Combat


You had 5 spell levels left.
You didn't know any spells.
Your spell library contained the following spells:

 Spells                   Type           Power      Damage    Failure   Level
 Freeze                   Ice            0%         1d3       45%         1
 Slow                     Hex            0%         N/A       45%         1
 Confusing Touch          Hex            0%         N/A       83%         3
 Frozen Ramparts          Ice            0%         1d1       83%         3
 Ignite Poison            Fire/Tmut/Pois 0%         N/A       83%         3
 Mephitic Cloud           Conj/Pois/Air  0%         N/A       83%         3
 Vampiric Draining        Necr           0%         2d6       83%         3
 Hailstorm                Conj/Ice       0%         3d3       99%         4
 Freezing Cloud           Conj/Ice/Air   0%         6-21      100%        5
 Chain Lightning          Conj/Air       0%         N/A       100%        9
 Fire Storm               Conj/Fire      0%         5d1       100%        9
 Shatter                  Erth           0%         3d5*      100%        9


Dungeon Overview and Level Annotations

Branches:
Dungeon (5/15)
 Temple: D:4-7

Altars:
Ashenzari
Sif Muna

Annotations:
D:3 1 runed translucent door, diceflayer's ghost, amateur DsHu
D:5 3 runed translucent doors, Pegasus's ghost, novice DgFi


Innate Abilities, Weirdness & Mutations

You are too large for most types of armour.
You have claws for hands.
Your natural rate of healing is unusually fast.
You are covered in fur. (AC +1)
You have tough skin. (AC +1)


Message History

The kobold brigand hits you with a +0 dagger.
* * * LOW HITPOINT WARNING * * *
You claw the kobold brigand!
The kobold brigand is heavily wounded.
You scratch the kobold brigand.
The kobold brigand is severely wounded.
You hear the brisk hiss of a distant avalanche of sand.
A rat comes into view.
The kobold brigand hits you with a +0 dagger.
* * * LOW HITPOINT WARNING * * *
The kobold hits you but does no damage.
The kobold hits something with a +2 short sword of electrocution.
You claw the kobold brigand!
You kill the kobold brigand!
The kobold hits you with a +0 dagger.
* * * LOW HITPOINT WARNING * * *
The kobold hits something but does no damage.
Your Unarmed Combat skill increases to level 6!
You closely miss the kobold. The kobold hits you with a +0 dagger.
* * * LOW HITPOINT WARNING * * *
The kobold hits something but does no damage.
You closely miss the kobold. You closely miss the kobold.
The kobold completely misses something.
The kobold hits you with a +0 dagger.
* * * LOW HITPOINT WARNING * * *
You claw the kobold!
You kill the kobold!
You closely miss the kobold. Your claw misses the kobold.
The kobold closely misses you.
You scratch the kobold but do no damage.
The rat bites something but does no damage.
The kobold hits you with a +2 short sword of electrocution.
* * * LOW HITPOINT WARNING * * *
You closely miss the kobold.
The rat bites something but does no damage.
The kobold hits you with a +2 short sword of electrocution.
* * * LOW HITPOINT WARNING * * *
You closely miss the kobold. The kobold hits you but does no damage.
You are electrocuted!!
You die...

##....#.#.####.....
####.........##.......
#............##.>.....
#............##.......
#..†..#############...
#.....# ♣P# ####
#.....# ~..P
#.....###.K...
#....@#P.÷....
#....)Kr...§.÷
#.....#P...§..
#######PP...$. #


PPP...P # ♣♣♣ You could see a kobold and a rat.

Vanquished Creatures
  An ice beast (D:5)
  A black bear (D:4)
  A kobold brigand (D:5)
  A scorpion (D:5)
  An iguana (D:5)
  An orc wizard (D:3)
  3 adders
  2 worms
  2 dart slugs
  6 orcs
  4 ball pythons
  5 endoplasms
  A giant cockroach (D:4)
  8 goblins
  5 hobgoblins
  4 quokkas
  3 bats
  3 frilled lizards
  9 kobolds
  6 rats
67 creatures vanquished.

Vanquished Creatures (others)
  7 plants (D:5)
7 creatures vanquished.

Grand Total: 74 creatures vanquished

Notes
Turn   | Place    | Note
-------+----------+-------------------------------------------
     0 | D:1      | sking99 the Troll Monk began the quest for the Orb.
     0 | D:1      | Reached XP level 1. HP: 22/22 MP: 0/0
   191 | D:1      | Reached XP level 2. HP: 29/29 MP: 1/1
   641 | D:2      | Found a faded altar of an unknown god.
   926 | D:2      | Reached XP level 3. HP: 36/36 MP: 2/2
  1337 | D:3      | Reached skill level 4 in Unarmed Combat
  1446 | D:3      | Reached XP level 4. HP: 42/45 MP: 3/3
  1686 | D:3      | Found a shimmering blue altar of Sif Muna.
  1738 | D:3      | Noticed diceflayer's ghost (amateur DsHu)
  1761 | D:3      | Found a runed translucent door.
  2129 | D:3      | Found a shimmering blue altar of Sif Muna.
  2185 | D:3      | Found a runed translucent door.
  2592 | D:4      | Noticed a black bear
  2617 | D:4      | Killed a black bear
  2618 | D:4      | Reached skill level 1 in Throwing
  2618 | D:4      | Reached skill level 5 in Unarmed Combat
  2618 | D:4      | Reached XP level 5. HP: 51/53 MP: 4/4
  3204 | D:5      | Entered Level 5 of the Dungeon
  3210 | D:5      | Noticed Pegasus's ghost (novice DgFi)
  3331 | D:5      | Found a runed translucent gate.
  3331 | D:5      | Found a runed translucent gate.
  3332 | D:5      | Found a runed translucent gate.
  3364 | D:5      | Found a broken altar of Ashenzari.
  3422 | D:5      | Noticed an ice beast
  3434 | D:5      | Killed an ice beast
  3435 | D:5      | Reached XP level 6. HP: 49/62 MP: 5/5
  3462 | D:5      | Reached skill level 6 in Unarmed Combat
  3469 | D:5      | Demolished by a kobold

Illustrated notes

Levels and vault maps discovered:
D:1:      saegor_arrival_under_anarchy, layout_loops_ring
D:2:      layout_loops_ring, ebering_ecumenical_altar_webs
D:3:      layout_loops_cross, nicolae_sif_muna_little_library,
          hellmonk_ghost_happy_afterlife, amcnicky_mini_pool_small,
          kennysheep_generic_room_10
D:4:      layout_gridville
D:5:      layout_basic, mainiacjoe_overflow_six_doors_small,
          gammafunk_ghost_split, enter_ossuary_2, lexackson_kobold_supper

Skill      XL: |  1  2  3  4  5  6 |
---------------+-------------------+-----
Unarmed Combat | 4 5 6 |  6.1
Fighting       | 3 |  3.9
Throwing       | 1 2 |  2.3
Dodging        | |  2.4
Stealth        | |  1.0

Action                   |  1- 3 |  4- 6 || total
-------------------------+-------+-------++-------
Melee: Unarmed           |    71 |   114 ||   185
       Punch             |     2 |     1 ||     3
  Use: Scroll            |       |    10 ||    10
 Stab: Sleeping          |     3 |     3 ||     6
Armor: Robe              |    23 |    15 ||    38
Dodge: Dodged            |    24 |    39 ||    63
